 Dungeon Crawl Stone Soup version 0.18.1-1-g2f07953 (webtiles) character file.

11289 Svalin the Cleaver (level 11, -25/104 HPs)
             Began as a Hill Orc Berserker on May 7, 2016.
             Was a High Priest of Trog.
             Annihilated by Rupert
             ... wielding a +1 great sword of electrocution
              (35 damage)
             ... on level 3 of the Lair of Beasts.
             The game lasted 00:25:44 (9736 turns).

Svalin the Cleaver (Hill Orc Berserker)             Turns: 9736, Time: 00:25:45

Health: -25/104    AC: 22    Str: 21    XL:     11   Next: 75%
Magic:  15/15      EV:  9    Int:  7    God:    Trog [*****.]
Gold:   544        SH:  0    Dex: 13    Spells: 0 memorised, 10 levels left

rFire  . . .     SeeInvis .     p - +1 war axe of Imminent Death {venom, rElec rPois}
rCold  + + .     Gourm    .     s - +3 chain mail {rC+}
rNeg   . . .     Faith    .     (no shield)
rPois  +         Spirit   .     d - +1 helmet
rElec  +         Dismiss  .     i - +0 cloak
rCorr  .         Reflect  .     e - +1 pair of gloves
SustAt .         Harm     .     n - +0 pair of boots
MR     .....                    m - amulet of regeneration
Stlth  ..........               (no ring)
                                M - ring of protection from cold

@: exhausted, slowed, very slow, not resistant to hostile enchantments,
extremely unstealthy
A: no striking features
a: Berserk, Trog's Hand, Brothers in Arms, Burn Spellbooks, Renounce Religion


You were on level 3 of the Lair of Beasts.
You worshipped Trog.
Trog was extremely pleased with you.
You were not hungry.

You visited 2 branches of the dungeon, and saw 13 of its levels.

You collected 775 gold pieces.
You spent 231 gold pieces at shops.

Inventory:

Hand Weapons
 p - the +1 war axe of Imminent Death (weapon) {venom, rElec rPois}
   (You found it on level 6 of the Dungeon)

   It poisons the flesh of those it strikes.
   It insulates you from electricity.
   It protects you from poison.
 u - a +2 war axe
Armour
 d - a +1 helmet (worn)
 e - a +1 pair of gloves (worn)
 i - a +0 cloak (worn)
 n - a +0 pair of boots (worn)
 s - a +3 chain mail of cold resistance (worn)
 F - a +0 fire dragon armour
Jewellery
 l - an uncursed amulet of faith
 m - an amulet of regeneration (around neck)
 z - an uncursed amulet of dismissal
 K - the amulet of the Air {Inacc +Fly rElec EV+5 RMsl}
   (You found it on level 8 of the Dungeon)

   [amulet of inaccuracy]

   It reduces the accuracy of all your attacks.
   It affects your evasion (+5).
   It insulates you from electricity.
   It lets you fly.
   It protects you from missiles.
 M - a ring of protection from cold (left hand)
 R - a +5 ring of intelligence {unknown}
 U - a +5 ring of protection {unknown}
Wands
 A - a wand of polymorph (15/24)
 E - a wand of flame (26/48)
 H - a wand of iceblast (6/15)
 L - a wand of paralysis (11/24)
 V - a wand of slowing (34/48)
Scrolls
 k - 3 scrolls of blinking
 x - 5 scrolls of teleportation
 y - 6 scrolls of remove curse
 B - 2 scrolls of enchant armour
 C - 2 scrolls of vulnerability
 G - 10 scrolls of identify
 N - a scroll of magic mapping
 O - 2 scrolls of enchant weapon
 Q - a scroll of silence {unknown}
 S - 2 scrolls of immolation {unknown}
Potions
 a - 3 potions of invisibility
 b - 2 potions of cure mutation
 h - 3 potions of haste
 j - 5 potions of heal wounds
 o - 2 potions of curing
 q - 3 potions of flight
 r - 2 potions of mutation {unknown}
 t - a potion of agility {unknown}
 D - a potion of might
 I - a potion of berserk rage
 J - 2 potions of resistance {unknown}
 P - a potion of ambrosia {unknown}
Comestibles
 c - 14 bread rations
 f - 7 meat rations
 g - 4 slices of pizza
 v - 20 fruits
 w - a royal jelly


   Skills:
 + Level 11.7 Fighting
 + Level 14.0 Axes
 + Level 10.5 Armour
 - Level 1.5 Dodging
 + Level 6.3 Evocations


You had 10 spell levels left.
You didn't know any spells.

Dungeon Overview and Level Annotations

Branches:
Dungeon (10/15)            Temple (0/1) D:4            Lair (3/8) D:10
    Orc (0/2) D:9
  Swamp: Lair:3-6    Shoals: Lair:3-6     Snake: Lair:3-6    Spider: Lair:3-6

Altars:
Ashenzari
Cheibriados
Dithmenos
Elyvilon
Gozag
Makhleb
Nemelex Xobeh
Pakellas
Qazlal
Ru
Vehumet
Xom
Yredelemnul
Zin
The Shining One

Shops:
D:7 }*

Annotations:
Lair:3 Rupert


Message History

You completely miss Rupert.
Rupert is lightly wounded.
You slash the crocodile!
You kill the crocodile!
Trog accepts your kill.
Your Axes skill increases to level 14!
Rupert hits you with a great sword of electrocution!!
* * * LOW HITPOINT WARNING * * *
You are too berserk!
Unknown command.
You are too berserk!
You feel a strong urge to attack something.
You feel your anger subside.
You are no longer berserk.
You are exhausted.
You feel yourself slow down.
Rupert hits you with a great sword of electrocution!
* * * LOW HITPOINT WARNING * * *
Rupert hits you but does no damage.
Rupert hits you with a great sword of electrocution!!
You die...

......†.########
##...P##
........#..P.#.##
###...#
..#..........#..##
##..##
###..........#.#
##..#
#...........##
##.#
#............# ##.
..............##
#.
.#..........@...#
##.
.............@..#
#..
#.#.............#
#..
##............#
##. .#...........#
## .##.........# #
###.......#
##.....## ##...##
#### #..P# ###..#


You could see Rupert (berserk).

Vanquished Creatures
  Fannar (Lair:1)
  The ghost of Quarterback16 the Spear-Bearer, a novice HOBe of Trog (D:7)
  The ghost of Twogk the Cleaver, a novice HOFi of Beogh (D:8)
  A black mamba (Lair:3)
  Joseph (D:8)
  A spiny frog (Lair:2)
  A troll (D:10)
  2 two-headed ogres (D:8)
  Grinder (D:6)
  A spriggan (D:7)
  5 yaks (D:10)
  Eustachio (D:5)
  A basilisk (Lair:2)
  2 hippogriffs (Lair:2)
  6 water moccasins
  2 porcupines (Lair:2)
  5 sky beasts
  3 orc warriors
  2 ice beasts
  A black bear (D:5)
  2 phantoms (D:5)
  2 ogres
  4 centaurs
  6 crocodiles
  Blork the orc (D:4)
  A gnoll sergeant (D:10)
  10 giant frogs
  A wyvern zombie (D:9)
  A wyvern skeleton (D:10)
  A water moccasin zombie (D:6)
  6 killer bees (D:10)
  A howler monkey (D:7)
  2 vampire bats (D:9)
  3 crimson imps
  2 giant frog zombies
  4 hounds
  A quasit (D:5)
  A centaur zombie (D:6)
  2 centaur skeletons (D:8)
  8 orc wizards
  3 orc priests
  3 giant frog skeletons
  A jelly (D:10)
  An iguana (Lair:2)
  10 worker ants
  A killer bee zombie (D:6)
  14 sheep
  A howler monkey zombie (D:10)
  3 gnolls (D:10)
  14 adders
  28 river rats
  A shadow imp (D:5)
  An adder zombie (D:7)
  2 adder skeletons
  2 dart slugs
  A worm (D:5)
  2 giant geckos
  17 orcs
  5 giant cockroaches
  A goblin (D:2)
  6 hobgoblins
  10 jackals
  5 kobolds
  3 quokkas
  A ball python (D:2)
  16 bats
  A giant cockroach zombie (D:6)
  4 giant newts
  21 rats
  2 fungi
  A plant (D:10)
279 creatures vanquished.

Vanquished Creatures (others)
  5 fungi
5 creatures vanquished.

Grand Total: 284 creatures vanquished

Notes
Turn   | Place    | Note
--------------------------------------------------------------
     0 | D:1      | Svalin the Hill Orc Berserker began the quest for the Orb.
     0 | D:1      | Reached XP level 1. HP: 19/19 MP: 1/1
   416 | D:1      | Reached XP level 2. HP: 27/27 MP: 2/2
  1028 | D:2      | Reached XP level 3. HP: 27/33 MP: 3/3
  1075 | D:2      | Reached ** piety under Trog
  1159 | D:2      | Reached skill level 5 in Axes
  1295 | D:2      | Found a burning altar of Makhleb.
  1301 | D:2      | Found a glowing silver altar of Zin.
  1301 | D:2      | Noticed an angel
  1302 | D:2      | Noticed a balrug
  1420 | D:3      | Found a faded altar to an unknown god.
  1622 | D:3      | Reached XP level 4. HP: 41/41 MP: 4/4
  2265 | D:4      | Found a shattered altar of Ashenzari.
  2291 | D:4      | Reached skill level 6 in Axes
  2291 | D:4      | Reached XP level 5. HP: 31/47 MP: 5/5
  2419 | D:4      | Found a staircase to the Ecumenical Temple.
  2471 | D:4      | Reached skill level 5 in Fighting
  2475 | D:4      | Reached XP level 6. HP: 51/56 MP: 6/6
  2531 | D:4      | Reached skill level 7 in Axes
  2599 | D:4      | Noticed Blork the orc
  2607 | D:4      | Killed Blork the orc
  2628 | D:4      | Found a white marble altar of Elyvilon.
  2688 | D:4      | Reached skill level 8 in Axes
  2688 | D:4      | Reached XP level 7. HP: 61/61 MP: 7/7
  2771 | D:4      | Reached *** piety under Trog
  3156 | D:5      | Entered Level 5 of the Dungeon
  3251 | D:5      | Found a shimmering altar of Xom.
  3493 | D:5      | Found a shadowy altar of Dithmenos.
  3514 | D:5      | Reached skill level 9 in Axes
  3614 | D:5      | Reached skill level 5 in Armour
  3614 | D:5      | Reached XP level 8. HP: 60/70 MP: 8/8
  3702 | D:5      | Noticed Eustachio
  3712 | D:5      | Killed Eustachio
  3948 | D:5      | Reached skill level 10 in Axes
  4314 | D:6      | Noticed Grinder
  4320 | D:6      | Killed Grinder
  4328 | D:6      | Got an iridescent war axe
  4329 | D:6      | Identified the cursed +1 war axe of Imminent Death {venom, rElec rPois} (You found it on level 6 of the Dungeon)
  4493 | D:6      | Reached XP level 9. HP: 80/80 MP: 9/9
  4547 | D:6      | Found an opulent altar of Gozag.
  4548 | D:6      | Found a sparkling altar of Nemelex Xobeh.
  4889 | D:7      | Noticed Quarterback16's ghost (novice HOBe)
  4914 | D:7      | Killed Quarterback16's ghost
  4914 | D:7      | Reached skill level 11 in Axes
  5028 | D:7      | Found an oddly glowing altar of Pakellas.
  5028 | D:7      | Found Pakellas's Prime Provisions.
  5215 | D:7      | Found Yshifisch's General Store.
  5217 | D:7      | Bought a potion of might for 44 gold pieces
  5217 | D:7      | Bought a wand of flame (26/48) for 154 gold pieces
  5217 | D:7      | Bought a scroll of remove curse for 33 gold pieces
  5471 | D:8      | Noticed a two-headed ogre
  5476 | D:8      | Killed a two-headed ogre
  5476 | D:8      | Reached skill level 12 in Axes
  5476 | D:8      | Reached skill level 1 in Evocations
  5480 | D:8      | Reached XP level 10. HP: 91/91 MP: 9/11
  5639 | D:8      | Noticed Twogk's ghost (novice HOFi)
  5663 | D:8      | Killed Twogk's ghost
  5739 | D:8      | Noticed Joseph
  5755 | D:8      | Killed Joseph
  5755 | D:8      | Reached skill level 10 in Fighting
  6125 | D:8      | Found a glowing golden altar of the Shining One.
  6130 | D:8      | Found a sacrificial altar of Ru.
  6130 | D:8      | Found a stormy altar of Qazlal.
  6130 | D:8      | Found a snail-covered altar of Cheibriados.
  6135 | D:8      | Found a radiant altar of Vehumet.
  6412 | D:9      | Found a staircase to the Orcish Mines.
  7168 | D:10     | Entered Level 10 of the Dungeon
  7411 | D:10     | Reached skill level 13 in Axes
  7438 | D:10     | Found a basalt altar of Yredelemnul.
  7451 | D:10     | Reached **** piety under Trog
  7454 | D:10     | Reached XP level 11. HP: 88/101 MP: 14/14
  7485 | D:10     | Reached skill level 5 in Evocations
  7807 | D:10     | Found a staircase to the Lair.
  7817 | D:10     | Reached skill level 10 in Armour
  7829 | Lair:1   | Entered Level 1 of the Lair of Beasts
  7917 | Lair:1   | Noticed Fannar
  7931 | Lair:1   | Killed Fannar
  8123 | Lair:1   | Reached ***** piety under Trog
  9075 | Lair:2   | Received a gift from Trog
  9708 | Lair:3   | Noticed Rupert
  9715 | Lair:3   | Paralysed by Rupert for 7 turns
  9729 | Lair:3   | Reached skill level 14 in Axes
  9736 | Lair:3   | Annihilated by Rupert

Skill      XL: |  1  2  3  4  5  6  7  8  9 10 11 |
---------------+----------------------------------+-----
Fighting       | 4 5 6 7 9 10 11 | 11.7
Axes           | 5 6 8 9 10 12 13 14 | 14.0
Armour         | 3 4 5 6 8 9 10 | 10.5
Evocations     | 1 4 6 |  6.3
Dodging        | |  1.5

Action                   |  1- 3 |  4- 6 |  7- 9 | 10-12 || total
-------------------------+-------+-------+-------+-------++-------
Melee: Hand axe          |   105 |    52 |    35 |       ||   192
       War axe           |       |    50 |   228 |   519 ||   797
Invok: Berserk           |     1 |     4 |     5 |     6 ||    16
       Trog's Hand       |       |     1 |     1 |     2 ||     4
       Burn Spellbooks   |       |       |     2 |       ||     2
  Use: Scroll            |     3 |       |    19 |     1 ||    23
  Eat: Chunk             |     3 |     7 |    11 |    17 ||    38
       Beef jerky        |       |       |     2 |       ||     2
       Royal jelly       |       |       |       |     1 ||     1
       Bread ration      |       |       |       |     1 ||     1
Armor: Animal skin       |    15 |       |       |       ||    15
       Chain mail        |    27 |    81 |   170 |   334 ||   612
Dodge: Dodged            |    60 |    31 |   100 |   189 ||   380
